Map: King's Cove LE

Players

llllllllllll - Winner!

  • Race: Terran Terran
  • League: Platinum
  • Spawn Location: 5:00

高歌

  • Race: Terran Terran
  • League: Platinum
  • Spawn Location: 11:00

VOD

Have the link to the VOD?

Description

Time

  • Played on: April 25, 2025, 5:25 a.m.
  • Length: 3:15
Show
View Real Time Build Order
Export as new Build Order

llllllllllll Terran - Winner!

Build Orders:  

Get SALT Encoding   

  12  0:01  SCV  
  13  0:13  SCV  
  14  0:20  Supply Depot  
  14  0:25  SCV  
  15  0:33  Refinery  
  15  0:47  Barracks  
  15  1:03  Barracks  
  15  1:20  Barracks  
  15  1:34  Reaper  
  16  1:43  Refinery  
  16  1:50  Reaper  
  17  2:06  Reaper  
  18  2:09  Reaper  
  19  2:21  Orbital Command  
  19  2:22  Reaper  
  20  2:38  Reaper  
  22  2:49  SCV  
Show
View Real Time Build Order
Export as new Build Order

高歌 Terran 

Build Orders: Command Center First 

Get SALT Encoding   

  12  0:01  SCV  
  13  0:13  SCV  
  14  0:19  Supply Depot  
  14  0:25  SCV  
  15  0:40  SCV  
  16  0:52  SCV  
  17  1:02  Command Center  
  17  1:05  SCV  
  18  1:18  SCV  
  19  1:20  Barracks  
  19  1:32  Barracks  
  19  1:33  SCV  
  20  1:45  SCV  
  21  1:50  Barracks  
  21  1:57  SCV  
  22  2:08  Barracks  
  22  2:10  SCV  
  22  2:13  Marine  
  24  2:17  SCV  
  24  2:20  Marine  
  26  2:25  Orbital Command  
  26  2:32  Marine  
  25  2:38  Marine  
  25  2:49  Marine  
  24  2:56  Marine  
Tags
 
Add a new tag
Caveats
  • Supply blocks, unpowered buildings, or Contaminate may cause inaccurate times.
  • Supply counts are checked every 10 seconds.